Cogmind - Beta 17.1 @@@ ROGUE MODE // 2026.09.19 @ 14:06:35 Player: Caluan Result: Destroyed by B-75 Beast with Heavy Plasma Cannon Performance ------------- Evolutions (2) 1000 Regions Visited (6) 1200 Robots Destroyed (52) 260 Value Destroyed (1889) 1889 Prototype IDs (0) 0 Alien Tech Used (0) 0 Bonus (370) 370 TOTAL SCORE: 4719 Bonus ------- High Alert Combat Kills 67 Follower Combat Kills 103 Entered Garrisons 200 Cogmind --------- Core Integrity 0/550 Matter 266/300 Energy 100/100 System Corruption 0% Temperature Cool (12) Movement Treading (320) Ox2 Location -8/Garrison Parts ------- > --- POWER (1) -------- (None) > --- PROPULSION (3) --- Light Treads > --- UTILITY (4) ------ High-capacity Storage Unit > --- WEAPON (3) ------- Great Axe > --- INVENTORY (20) --- Cooled Ion Engine Compact Wheel Huge Storage Unit High-capacity Matter Pod (200) Improved Terrain Scanner Improved Terrain Scanner Relay Coupler [Grunt] (29) Relay Coupler [Brawler] (26) Relay Coupler [Hunter] (18) Rocket Launcher Datajack Remote Datajack Plasma Cutter Peak State ------------ > --- POWER ------------ Improved Ion Engine > --- PROPULSION ------- Medium Treads Armored Huge Wheel > --- UTILITY ---------- High-capacity Storage Unit Layered Light Armor Plating Layered Light Armor Plating > --- WEAPON ----------- Rocket Launcher Great Axe > --- INVENTORY -------- Cooled Ion Engine Compact Wheel Huge Storage Unit High-capacity Matter Pod Improved Terrain Scanner Improved Terrain Scanner Seismic Detector Relay Coupler [Grunt] Relay Coupler [Brawler] Relay Coupler [Hunter] Heavy Missile Launcher Datajack Remote Datajack Plasma Cutter [Rating: 32] Favorites ----------- Power Light Ion Engine Engine Light Ion Engine Propulsion Light Treads Treads Light Treads Wheel Wheel Utility Medium Storage Unit Device Seismic Detector Storage Medium Storage Unit Protection Light Armor Plating Weapon Assault Rifle Energy Gun Medium Laser Ballistic Gun Assault Rifle Launcher Rocket Launcher Slashing Weapon Great Axe Special Melee Weapon Datajack Build | -11 -10 -10 -10 -9 -8 -8 ------- Run | Yrd Mat Min Exi Min Mat Gar Slots Evolved 4 | . . . . . 4 . Power . | . . . . . . . Propulsion 1 | . . . . . 1 . Utility 2 | . . . . . 2 . Weapon 1 | . . . . . 1 . Parts Attached 36 | 8 9 1 . 1 5 12 Power 5 | 1 2 . . . 1 1 Engine 5 | 1 2 . . . 1 1 Core . | . . . . . . . Reactor . | . . . . . . . Propulsion 8 | 2 2 . . . 1 3 Treads 5 | 2 . . . . 1 2 Leg . | . . . . . . . Wheel 3 | . 2 . . . . 1 Hover . | . . . . . . . Flight . | . . . . . . . Utility 8 | 2 2 . . 1 . 3 Device 1 | 1 . . . . . . Storage 3 | 1 1 . . 1 . . Processor . | . . . . . . . Hackware . | . . . . . . . Protection 4 | . 1 . . . . 3 Artifact . | . . . . . . . Weapon 15 | 3 3 1 . . 3 5 Energy Gun 3 | 2 1 . . . . . Energy Cannon . | . . . . . . . Ballistic Gun 8 | 1 2 1 . . 3 1 Ballistic Cannon . | . . . . . . . Launcher 2 | . . . . . . 2 Special Weapon . | . . . . . . . Impact Weapon . | . . . . . . . Slashing Weapon 1 | . . . . . . 1 Piercing Weapon . | . . . . . . . Special Melee Weapon 1 | . . . . . . 1 Unidentified Prototypes . | . . . . . . . Parts Lost 23 | . 6 . . . 2 15 Power 3 | . 1 . . . . 2 Propulsion 6 | . 2 . . . . 4 Utility 5 | . . . . . 1 4 Weapon 9 | . 3 . . . 1 5 Highest Loss Streak 5 | . 2 . . . 2 5 To Critical Strikes . | . . . . . . . Average Backups 8 | 1 5 8 9 10 12 14 Power . | . . . . . . 1 Propulsion . | . . 1 1 1 1 1 Utility 4 | . 3 4 4 5 5 6 Weapon 2 | . 1 2 3 3 4 2 Tool/Special . | . . . . . . . Unused Backups 15 | 1 . . . 3 . 11 Power 1 | . . . . . . 1 Propulsion 1 | . . . . 1 . . Utility 8 | 1 . . . . . 7 Weapon 3 | . . . . 2 . 1 Tool/Special 2 | . . . . . . 2 Average Slot Usage (%) 83 | . 83 100 100 100 75 61 Engine 10 | . 9 14 14 14 9 7 Treads 9 | . 18 . . . 8 7 Wheel 14 | . 4 28 28 28 18 10 Device 1 | . 4 . . . . . Storage 12 | . 14 14 14 14 9 9 Protection 8 | . 4 14 14 14 5 12 Energy Gun 4 | . 10 . . . . . Ballistic Gun 19 | . 16 28 28 28 25 6 Peak Build Rating 32 | 7 7 8 8 10 16 32 Average Rating 10 | 5 5 7 8 8 15 23 On Entrance 7 | . 7 7 8 8 10 15 Avg Prop Armor Cover (%) 8 | . . . . . 8 8 Naked Turns . | . . . . . . . Heaviest Build 63 | 14 20 20 20 50 55 63 Greatest Support 40 | 40 40 26 26 26 28 28 Greatest Overweight (x) 5 | . 5 . . 1 1 3 Average Overweight (x) . | . . . . . 1 1 Largest Inventory Capacity 20 | 8 10 10 10 20 20 20 Average Capacity 12 | 7 9 10 10 15 20 20 Most Carried 17 | 3 8 10 10 15 15 17 Average Carried 8 | 1 5 8 9 10 13 14 Final Capacity 20 | 8 10 10 10 20 20 20 Final Carried 15 | 2 7 9 10 15 15 13 Class Distribution -------------------- 62% | Mutant 31% | Scavenger-Mutant 3% | Scavenger-Gunner 3% | Scavenger-Tank Dominant Class ---------------- Mutant | -10/Materials Scavenger-Mutant | -10/Mines Scavenger-Mutant | -10/Exiles Mutant | -9/Mines Scavenger-Tank | -8/Materials Mutant | -8/Garrison Resources | -11 -10 -10 -10 -9 -8 -8 ----------- Run | Yrd Mat Min Exi Min Mat Gar Matter Collected 1336 | 296 303 50 62 78 110 437 Remotely . | . . . . . . . Salvage Created 1977 | 145 776 50 . 28 71 907 Parts 101 | 13 36 6 . 3 8 35 Haulers Intercepted 2 | . 2 . . . . . Recyclers Shooed 1 | 1 . . . . . . Parts Field Recycled . | . . . . . . . Retrieved Matter . | . . . . . . . Parts Self-Destructed . | . . . . . . . Prevented . | . . . . . . . Parts Restored . | . . . . . . . Kills | -11 -10 -10 -10 -9 -8 -8 ------- Run | Yrd Mat Min Exi Min Mat Gar Combat Hostiles Destroyed 39 | . 13 3 . . 1 22 Melee 6 | . . . . . . 6 Guns 22 | . 13 3 . . 1 5 AOE 11 | . . . . . . 11 Classes Destroyed 8 | 2 3 1 . . 1 1 Worker 2 | . 2 . . . . . Tunneler 7 | 5 . . . 1 1 . Hauler 2 | . 2 . . . . . Recycler 2 | 1 1 . . . . . Swarmer 3 | . . 3 . . . . Grunt 33 | . 13 . . . . 20 Sentry 2 | . . . . . 1 1 Hunter 1 | . . . . . . 1 Best Kill Streak 9 | 2 4 2 . 1 1 9 Combat Bots Only 9 | . 2 2 . . 1 9 Max Kills in Single Turn 3 | 1 1 1 . 1 1 3 Gunslinging . | . . . . . . . Exploded 3 | . . . . . . 3 Melee 1 | . . . . . . 1 Uniques/NPCs Destroyed . | . . . . . . . Combat | -11 -10 -10 -10 -9 -8 -8 -------- Run | Yrd Mat Min Exi Min Mat Gar Hostile Shots Fired 310 | . 94 31 . . 20 165 Missed 76 | . 24 11 . . 6 35 Hits 234 | . 70 20 . . 14 130 Projectile 234 | . 70 20 . . 14 130 Critical Strikes 7 | . 1 . . . 1 5 Damage Taken 3631 | . 903 167 . 30 244 2287 Core 720 | . 130 16 . . 56 518 Absorbed by Shields . | . . . . . . . Regen/Repaired (Parts) 75 | . 75 . . . . . Core Remaining (%) 70 | 100 . . . 41 . . Volleys Fired 164 | 21 78 10 . 1 11 43 Largest 3 | 2 2 2 . 2 3 3 Hottest 90 | 90 70 40 . 40 60 60 Shots Fired 323 | 41 153 20 . 2 32 75 Gun 313 | 41 153 20 . 2 32 65 Cannon . | . . . . . . . Launcher 10 | . . . . . . 10 Special . | . . . . . . . Kinetic 217 | 16 82 20 . 2 32 65 Thermal 73 | 20 53 . . . . . Explosive 10 | . . . . . . 10 Electromagnetic 23 | 5 18 . . . . . Robot Hit Streak 10 | 7 10 4 . 2 5 8 Robot Miss Streak 5 | 2 3 3 . . 4 5 Penetration Max . | . . . . . . . Secondary Targets 5 | . 2 1 . . . 2 Max Gunslinging Chain 1 | . 1 1 . . . 1 Shots Hit Robots 235 | 28 105 10 . 1 17 74 Core Hits 110 | 9 40 3 . 1 7 50 Critical Kills . | . . . . . . . Critical Parts Destroyed 1 | . 1 . . . . . Critical Strikes 10 | . 5 . . . . 5 Burn 4 | . 4 . . . . . Destroy 1 | . 1 . . . . . Sever 5 | . . . . . . 5 Melee Attacks 34 | . . . . . . 34 Impact . | . . . . . . . Slashing 31 | . . . . . . 31 Piercing . | . . . . . . . Sneak Attacks 4 | . . . . . . 4 Combat Hostiles . | . . . . . . . Follow-up Attacks . | . . . . . . . Damage Inflicted 4164 | 315 1214 132 . 14 173 2316 Guns 2385 | 315 1211 132 . 14 173 540 Cannons . | . . . . . . . Explosions 984 | . . . . . . 984 Melee 792 | . . . . . . 792 Ramming 3 | . 3 . . . . . Kinetic 1519 | 91 569 132 . 14 173 540 Thermal 622 | 172 450 . . . . . Explosive 984 | . . . . . . 984 Electromagnetic 244 | 52 192 . . . . . Impact . | . . . . . . . Slashing 792 | . . . . . . 792 Piercing . | . . . . . . . Highest Corruption 2 | . 2 2 2 2 . . Average Corruption 2 | . 2 2 2 2 . . Corruption Purged . | . . . . . . . Corruption Blocked . | . . . . . . . Effects 29 | . 16 7 5 1 . . Message Errors 6 | . 2 2 1 1 . . Matter Fused 8 | . 4 3 1 . . . Heat Flow Errors 6 | . 4 . 2 . . . Energy Discharges 3 | . 2 1 . . . . Parts Fused 1 | . 1 . . . . . Data Loss (minor) 4 | . 2 1 1 . . . Data Loss (major) 1 | . 1 . . . . . Overload Shots . | . . . . . . . Overflow Damage 22 | . . . . . . 22 Projectiles . | . . . . . . . Explosions . | . . . . . . . Melee 22 | . . . . . . 22 Knockbacks . | . . . . . . . Impact . | . . . . . . . Kinetic . | . . . . . . . Secondary . | . . . . . . . Self-Inflicted Damage 95 | . . . . . . 95 Shots 4 | . . . . . . 4 Rammed 1 | . 1 . . . . . Targets Rammed 1 | . 1 . . . . . Kicked . | . . . . . . . Crushed . | . . . . . . . Highest Temperature 354 | 100 354 . 120 . 24 78 Average Temperature 62 | 32 85 . 64 . 19 23 Received Heat Transfer 1671 | . 519 . . . 36 1116 Siege Activations . | . . . . . . . Martial Activations . | . . . . . . . Shielding Activations . | . . . . . . . Robots Disrupted . | . . . . . . . Combat Hostiles . | . . . . . . . Robots Corrupted . | . . . . . . . Combat Hostiles . | . . . . . . . Parts Fried . | . . . . . . . Impact Corruptions . | . . . . . . . Robots Melted . | . . . . . . . Combat Hostiles . | . . . . . . . Parts Melted . | . . . . . . . Heat Transferred 2134 | 518 1616 . . . . . Parts Sabotaged . | . . . . . . . Parts Stolen . | . . . . . . . Parts Stripped . | . . . . . . . Power Chain Reactions . | . . . . . . . Alert | -11 -10 -10 -10 -9 -8 -8 ------- Run | Yrd Mat Min Exi Min Mat Gar Maximum Alert Level 2 | . . . . . . 2 Low Security (%) 87 | 100 100 100 . 100 100 38 Level 1 6 | . . . . . . 32 Level 2 5 | . . . . . . 29 Level 3 . | . . . . . . . Level 4 . | . . . . . . . Level 5 . | . . . . . . . High Security . | . . . . . . . Max Security . | . . . . . . . Peak Influence 490 | 5 106 90 . 5 30 490 Initial 30 | . . 30 . . . 1 Average 69 | 1 29 44 . . 5 264 Influence Increases 1344 | 30 446 100 . 5 58 705 Destroy 0b10 Robot/C 840 | . 260 60 . . 20 500 Destroy 0b10 Robot/NC 65 | 30 25 . . 5 5 . Destroy Leader 114 | . 64 10 . . 10 30 Allied During Kill 22 | . . . . . . 22 Successful Hack 20 | . 5 . . . 8 7 Disable Machine 30 | . 15 . . . 15 . Anti-Garrison Action 50 | . . . . . . 50 Destroy Structure 68 | . 2 . . . . 66 Lose Combat Pursuer 135 | . 75 30 . . . 30 Influence Decreases 868 | 30 368 178 . 5 55 232 Entered New Map 50 | . . 48 . . . 2 Time Decay 553 | 30 338 130 . 5 50 . Lost Part 185 | . 30 . . . 5 150 Lost Ally 80 | . . . . . . 80 Squads Dispatched 3 | . 3 . . . . . Investigation 1 | . 1 . . . . . Extermination . | . . . . . . . Reinforcement 2 | . 2 . . . . . Assault . | . . . . . . . Garrison . | . . . . . . . Intercept . | . . . . . . . Searches Triggered . | . . . . . . . Construction Impeded . | . . . . . . . Haulers Reinforced . | . . . . . . . Active Scanning Responses . | . . . . . . . Cargo Convoy Interrupts . | . . . . . . . Stealth | -11 -10 -10 -10 -9 -8 -8 --------- Run | Yrd Mat Min Exi Min Mat Gar Distress Signals 6 | . 5 . . . 1 . Communications Jammed . | . . . . . . . Distress Signals . | . . . . . . . Times Spotted 77 | . 38 4 . . 8 27 Peak Tracking Total 9 | . 5 3 . . 4 9 Tactical Retreats 8 | . 5 1 . . . 2 Traps | -11 -10 -10 -10 -9 -8 -8 ------- Run | Yrd Mat Min Exi Min Mat Gar Traps Triggered 6 | . 2 . . 1 . 3 Indirectly . | . . . . . . . Trap Hack Attempts . | . . . . . . . Triggered . | . . . . . . . Disarmed . | . . . . . . . Reprogrammed . | . . . . . . . Reused . | . . . . . . . Traps Extracted . | . . . . . . . Installed . | . . . . . . . Triggered . | . . . . . . . Machines | -11 -10 -10 -10 -9 -8 -8 ---------- Run | Yrd Mat Min Exi Min Mat Gar Machines Disabled 3 | . 1 . . . 1 1 Max in Single Turn 1 | . 1 . . . 1 1 Garrison Relay 1 | . . . . . . 1 Machines Repaired . | . . . . . . . Machines Dismantled . | . . . . . . . Machines Sabotaged . | . . . . . . . Overloaded Fab Kills . | . . . . . . . Hacking | -11 -10 -10 -10 -9 -8 -8 --------- Run | Yrd Mat Min Exi Min Mat Gar Machines Accessed 9 | . 5 . . 1 2 1 Terminals 5 | . 3 . . . 1 1 Fabricators . | . . . . . . . Repair Stations 1 | . 1 . . . . . Recycling Units 1 | . 1 . . . . . Scanalyzers . | . . . . . . . Garrison Access 1 | . . . . . 1 . Total Hacks 17 | . 10 . . 1 5 1 Successful 7 | . 3 . . 1 2 1 Failed 10 | . 7 . . . 3 . Catastrophic 1 | . 1 . . . . . Database Lockouts . | . . . . . . . Manual 12 | . 8 . . . 4 . Terminals 11 | . 6 . . . 4 1 Fabricators . | . . . . . . . Repair Stations 2 | . 2 . . . . . Recycling Units 2 | . 2 . . . . . Scanalyzers . | . . . . . . . Garrison Access 1 | . . . . . 1 . Terminal Hacks 2 | . . . . 1 . 1 Open Door 2 | . . . . 1 . 1 Fabricator Hacks . | . . . . . . . Repair Station Hacks 2 | . 2 . . . . . Scan Component 1 | . 1 . . . . . Repair 1 | . 1 . . . . . Recycling Unit Hacks . | . . . . . . . Scanalyzer . | . . . . . . . Garrison Access Hacks 1 | . . . . . 1 . Unlock Access 1 | . . . . . 1 . Unauthorized Hacks 2 | . 1 . . . 1 . Terminals 1 | . . . . . 1 . Botnet 1 | . . . . . 1 . Fabricators . | . . . . . . . Repair Stations . | . . . . . . . Recycling Units 1 | . 1 . . . . . Reject 1 | . 1 . . . . . Scanalyzers . | . . . . . . . Garrison Access . | . . . . . . . Data Cores Recovered . | . . . . . . . Used . | . . . . . . . Hacking Detections 5 | . 4 . . . 1 . Full Trace Events . | . . . . . . . Feedback Events . | . . . . . . . Feedback Blocked . | . . . . . . . Robot Schematics Acquired . | . . . . . . . Robots Built . | . . . . . . . Authchips . | . . . . . . . Time . | . . . . . . . Total Robot Build Rating . | . . . . . . . Part Schematics Acquired . | . . . . . . . Parts Built . | . . . . . . . Authchips . | . . . . . . . Time . | . . . . . . . Total Part Build Rating . | . . . . . . . Part Studies Acquired . | . . . . . . . Parts Repaired 1 | . 1 . . . . . Time 26 | . 26 . . . . . Parts Recycled . | . . . . . . . Recycled Matter . | . . . . . . . Retrieved Matter . | . . . . . . . Retrieved Components . | . . . . . . . Parts Scanalyzed . | . . . . . . . Part Schematics Acquired . | . . . . . . . Parts Damaged . | . . . . . . . Bothacking | -11 -10 -10 -10 -9 -8 -8 ------------ Run | Yrd Mat Min Exi Min Mat Gar Used RIF Installer . | . . . . . . . Robots Hacked . | . . . . . . . Non-combat . | . . . . . . . Combat . | . . . . . . . Robot Hacks Applied . | . . . . . . . Relay Couplers Released 4 | . . . . . . 4 Machine Destruction 4 | . . . . . . 4 Fabnet Peak Effective % . | . . . . . . . Robots Rewired 3 | . . . . . . 3 Allies Hacked . | . . . . . . . Hacks Repelled . | . . . . . . . Allies | -11 -10 -10 -10 -9 -8 -8 -------- Run | Yrd Mat Min Exi Min Mat Gar Total Allies 4 | . . . . . . 4 Largest Group 3 | . . . . . . 3 Highest-Rated Group 41 | . . . . . . 41 Highest-Rated Ally 31 | . . . . . . 31 Total Orders . | . . . . . . . Ally Attacks 34 | . . . . . . 34 Total Damage 488 | . . . . . . 488 Kills 3 | . . . . . . 3 Allies Corrupted . | . . . . . . . Allies Melted 1 | . . . . . . 1 Intel | -11 -10 -10 -10 -9 -8 -8 ------- Run | Yrd Mat Min Exi Min Mat Gar Active Infowar (turns) 497 | 50 435 . . . . 12 Seismic 497 | 50 435 . . . . 12 Robot Analysis Total . | . . . . . . . Derelict Logs Recovered 1 | . . 1 . . . . Drone Launches . | . . . . . . . Drone Recoveries . | . . . . . . . Exploration | -11 -10 -10 -10 -9 -8 -8 ------------- Run | Yrd Mat Min Exi Min Mat Gar Turns Passed 3822 | 328 1483 321 399 354 258 679 Spaces Moved 2405 | 154 707 302 443 336 146 317 Core 10 | 3 7 . . . . . Treads 619 | 151 411 . . . 42 15 Legs . | . . . . . . . Wheels 1776 | . 289 302 443 336 104 302 Hover . | . . . . . . . Flight . | . . . . . . . Fastest Speed 50 | 50 90 90 90 90 105 105 Average Speed 116 | 157 133 90 90 97 143 130 Slowest Speed 320 | 160 300 90 90 105 240 320 Overloaded Moves . | . . . . . . . Propulsion Burnouts . | . . . . . . . Robots Hopped . | . . . . . . . Potential Cave-ins . | . . . . . . . Cave-ins Triggered . | . . . . . . . Exploration Rate (%) 50 | 5 99 51 85 52 22 38 Regions Visited 6 Branch Regions 3 Pre-discovered Areas . | . . . . . . . Known Exits Taken 1 | . . . . . 1 . Unknown Exits Taken 5 | 1 1 1 1 1 . . Scrap Searched 2 | . . . . 2 . . Spaces Dug . | . . . . . . . Terrain Destroyed 66 | . . . . . . 66 Melee . | . . . . . . . Projectile . | . . . . . . . AOE 66 | . . . . . . 66 Terrain Rammed . | . . . . . . . Walls Destroyed . | . . . . . . . Machines Disabled . | . . . . . . . Actions | -11 -10 -10 -10 -9 -8 -8 --------- Run | Yrd Mat Min Exi Min Mat Gar Total 3059 | 200 1097 331 443 361 171 456 Wait 328 | 9 283 15 . 12 3 6 Move 2399 | 153 706 301 442 335 145 317 Hop . | . . . . . . . Pick Up 45 | 8 10 3 1 8 5 10 Fast Attach 6 | 2 4 . . . . . Attach 25 | 5 4 . . . 3 13 Detach 4 | . 1 . . . . 3 Swap 19 | 1 7 1 . 1 2 7 Drop 12 | 1 3 1 . 4 2 1 Fire 164 | 21 78 10 . 1 11 43 Melee 34 | . . . . . . 34 Ram . | . . . . . . . Kick . | . . . . . . . Crush 1 | . 1 . . . . . Escape Stasis 21 | . . . . . . 21 Rewire 1 | . . . . . . 1 Trap . | . . . . . . . Miscellaneous . | . . . . . . . Route ------- -11/Scrapyard -10/Materials (discovered 5 exits: [*Mat x3] / [*Min] / [*Sub]) -10/Mines -10/Exiles -9/Mines -8/Materials (discovered 2 exits: Fac / Gar) -8/Garrison History --------- Turn | Location | Event 8 | -11/Scrapyard | Discovered new exit (range 15) 329 | -11/Scrapyard | Entered Materials 330 | -10/Materials | Build established: Mutant 767 | -10/Materials | Discovered new exit (range 10) 931 | -10/Materials | Discovered new exit (range 12) 1448 | -10/Materials | Core integrity fell below 50% 1513 | -10/Materials | Discovered new exit (range 14) 1628 | -10/Materials | Repaired Lgt. Armor Plating 1646 | -10/Materials | Discovered new exit (range 12) 1797 | -10/Materials | Discovered new exit (range 7) 1812 | -10/Materials | Entered Mines 1833 | -10/Mines | Met a Derelict bent on vengeance 1935 | -10/Mines | Deemed a non-threat by the Exiles lab entrance 1965 | -10/Mines | Build established: Scavenger-Mutant 2017 | -10/Mines | Learned 2 Materials zone layouts 2060 | -10/Mines | Assembled infested the area 2129 | -10/Mines | Discovered new exit (range 5) 2133 | -10/Mines | Entered Exiles 2155 | -10/Exiles | Met 8R-AWN 2169 | -10/Exiles | Met EX-HEX 2215 | -10/Exiles | Met EX-DEC 2252 | -10/Exiles | Met EX-BIN 2388 | -10/Exiles | Visited The Gauntlet 2522 | -10/Exiles | Discovered new exit (range 14) 2532 | -10/Exiles | Entered Mines 2539 | -9/Mines | Received a Rocket Launcher from a helpful Derelict 2624 | -9/Mines | Found a Scrap Suit stashed away for nefarious purposes 2767 | -9/Mines | Found a hidden stash of uninstalled traps 2820 | -9/Mines | Discovered new exit (range 6) 2838 | -9/Mines | Met a Derelict who couldn't figure out how to use a Trap Extractor 2886 | -9/Mines | Entered Materials 2886 | -8/Materials | Evolved 4 slots: Propulsion x1, Utility x2, Weapon x1 2887 | -8/Materials | Identified exit to Factory 3143 | -8/Materials | Identified exit to Garrison 3144 | -8/Materials | Entered Garrison 3150 | -8/Garrison | Triggered checkpoint 3196 | -8/Garrison | Triggered checkpoint 3268 | -8/Garrison | Triggered checkpoint 3408 | -8/Garrison | Garrison Relay disabled 3570 | -8/Garrison | Triggered checkpoint 3570 | -8/Garrison | Triggered checkpoint 3602 | -8/Garrison | Core integrity fell below 50% 3604 | -8/Garrison | Build established: Mutant 3649 | -8/Garrison | Lost 3 parts (1p1n1u) 3663 | -8/Garrison | Destroyed 9 combat bots 3715 | -8/Garrison | Rescued a captive Derelict 3721 | -8/Garrison | Spotted B-75 Beast 3748 | -8/Garrison | Lost 3 parts (1p2u) 3776 | -8/Garrison | Triggered checkpoint 3799 | -8/Garrison | Core integrity fell below 20% 3823 | -8/Garrison | Destroyed by B-75 Beast with Heavy Plasma Cannon Last Messages --------------- Sealed Heavy Doors opened. 03717_ Critical hit (Burn: +37). 03717_ Lgt. Angular Momentum Engine destroyed. 03721_ Y-45 Defender destroyed. 03727_ TX-BEK(g) knocked back. 03730_ TX-BEK(g) destroyed. 03783_ Hvy. Assault Rifle destroyed. 03792_ G-47 Trooper destroyed. 03795_ Acquired 41 matter. 03796_ Lgt. Armor Plating destroyed. 03796_ Critical hit (Burn: +37). 03799_ Destroyed Imp. Heat Sink. 03801_ Lgt. Treads destroyed. 03805_ Arm. Huge Wheel destroyed. 03808_ Acquired 10 matter. 03809_ Acquired 5 matter. 03809_ G-47 Trooper destroyed. 03819_ Acquired 8 matter. 03822_ The unstable cave ceiling collapses. 03823_ Hvy. Missile Launcher destroyed. Map ----- +----------------------------------------------------+ | ????????????????????????????????" [ [=!# | | ????????????????????????????????" % # | | ????????????????????????????????" % # | | ????????????????????????????????" # | | ????????????????????????????????# ## # = ### | | ????????????????????????????????# ## # %% | | ????????????????????????????????# ^ *%* | | ????????????????????????????????# % ! | | ????????????????????????????????# ^ | | ????????????????????????????????# ##""""# # # # | | ????????????????????????????????# #?????##### ## | | ????????????????????????????????# #???????#?# #? | | ????????????????????????????????# #?????????# #? | | ????????????????????????????????# #?????????# #? | | ????????????????????????????????# #?????????# #? | | ????????????????????????????????# #?????????# #? | | ???????????###################### #?????????? ? | | ?????????? #?????????? ? | | ?????????? #?????????? #? | | ?????????? BB #?????????? ?? | | ????????????????########BB###########?????????? ?? | | ???????????????????## ###?????????????????? ?? | | ???????????????????# [ ##### #????????????"?? | | ??????????????????### * #??????????????? | | ??????????????????# =##### #??????????????? | | ??????????????????## @###????????????????????? | | ???????????????????# ?????????????????????? | | ???????????????????# #???????????????????? | | ???????????????????# # ####???????????????????? | | ???????????????????## #??????????????????????? | | ????????????????????#### ??????????????????????? | | ???????????????????????# ??????????????????????? | | ???????????????????????# ??????????????????????? | | ???????????????????????# #"?????????????????????? | | ???????????????????????# ##?????????????????????? | | ???????????????????????####??????????????????????? | | ?????????????????????????????????????????????????? | | ?????????????????????????????????????????????????? | | ?????????????????????????????????????????????????? | | ?????????????????????????????????????????????????? | | ?????????????????????????????????????????????????? | | ?????????????????????????????????????????????????? | | ?????????????????????????????????????????????????? | | ?????????????????????????????????????????????????? | | ?????????????????????????????????????????????????? | | ?????????????????????????????????????????????????? | | ?????????????????????????????????????????????????? | | ?????????????????????????????????????????????????? | | ?????????????????????????????????????????????????? | | ?????????????????????????????????????????????????? | +----------------------------------------------------+ Best States ------------- Heat Dissipation 31 Energy Generation 18 Energy Capacity 265 Matter Stores 300 Matter Capacity 300 Sight Range 16 Terrain Scan Density 10 Armor Coverage 300 Evasion (%) 42 Recoil Reduction 2 Item Schematics ----------------- None Robot Schematics ------------------ None Fabricated ------------ Nothing Repaired ---------- Lgt. Armor Plating | 16% | -10/Materials Studied --------- None Alien Tech Used ----------------- None Achievements -------------- None Challenges ------------ None Game ------ Seed ShrapnelMagneticBank Manual? 0 Play Time 00:25:53 Cumulative 290.2 hours Start 2026.09.19 @ 13:23:28 End 2026.09.19 @ 14:06:35 Sessions 1 Manual Loads 0 Difficulty Rogue Special Mode None Game No. 311 Rogue 311 Adventurer 0 Explorer 0 Win Type - Total 3 Types 3/0/0/0/0/0/0/0/0/0 Lore% 33 Gallery% 57 Achievement% 41 Wizard Run 0 Options --------- Layout 1 ASCII 0 Keyboard 0 Movement Numpad Keybinds 0 Fullscreen 2 Font 24/Smallcaps Map View 50x35 Zoom Use 0% Tactical HUD 1 Map Filters NONE Filters NONE Steam 1 RUN: 3e54a6cc-6972-47d5-a11f-91bef9199cbc